 Dungeon Crawl Stone Soup version 0.29-a0-330-g52719c12eb (webtiles) character file.

Game seed: 11650475241521912363

5379 EriolAelfwine the Cleaver (level 10, -17/92 HPs)
             Began as a Deep Dwarf Fighter on May 9, 2022.
             Was a Believer of Makhleb.
             Demolished by a komodo dragon (20 damage)
             ... on level 8 of the Dungeon.
             The game lasted 00:16:26 (6655 turns).

EriolAelfwine the Cleaver (Deep Dwarf Fighter)      Turns: 6655, Time: 00:16:27

Health: -17/92     AC: 16    Str: 24    XL:     10   Next: 39%
Magic:  3/3        EV:  4    Int:  9    God:    Makhleb [**....]
Gold:   495        SH: 14    Dex: 12    Spells: 9/9 levels left

rFire   . . .      SeeInvis .   a - +0 war axe
rCold   . . .      Faith    .   b - +0 tower shield
rNeg    . . .      Spirit   .   w - +0 plate armour
rPois   +          Reflect  .   G - +0 helmet
rElec   .          Harm     .   (no cloak)
rCorr   .          Rampage  .   (no gloves)
Will    ++...                   c - +0 pair of boots
Stlth   ..........              (no amulet)
HPRegen 0.00/turn               i - ring of poison resistance
MPRegen 0.08/turn               H - ring of willpower

@: no status effects
A: damage resistance, heal wounds, sense surroundings 2, no regeneration
a: Heal Wounds, Renounce Religion, Minor Destruction


You were on level 8 of the Dungeon.
You worshipped Makhleb.
Makhleb was pleased with you.
You visited 2 branches of the dungeon, and saw 9 of its levels.

You collected 495 gold pieces.

Inventory:

Hand Weapons
 a - a +0 war axe (weapon)
 B - a +0 mace
Missiles
 I - a throwing net
Armour
 b - a +0 tower shield (worn)
 c - a +0 pair of boots (worn)
 w - a +0 plate armour (worn)
 G - a +0 helmet (worn)
Jewellery
 i - a ring of poison resistance (left hand)
 x - a +6 ring of intelligence
 A - a ring of see invisible
 E - a ring of ice
 H - a ring of willpower (right hand)
Wands
 s - a wand of flame (42)
Scrolls
 f - 4 scrolls of fear {unknown}
 g - 3 scrolls of magic mapping {unknown}
 k - 5 scrolls of immolation
 l - a scroll of torment {unknown}
 m - a scroll of noise {unknown}
 p - 4 scrolls of enchant armour {unknown}
 q - a scroll of enchant weapon {unknown}
 r - 2 scrolls of fog {unknown}
 v - 4 scrolls of teleportation {unknown}
 y - a scroll of vulnerability {unknown}
 D - a scroll of amnesia {unknown}
Potions
 d - a potion of might
 e - 8 potions of curing
 h - 4 potions of attraction
 j - 3 potions of heal wounds
 n - 3 potions of mutation
 o - 4 potions of haste
 t - a potion of ambrosia {unknown}
 u - 2 potions of lignification
 z - a potion of invisibility {unknown}
 C - a potion of brilliance
 F - a potion of resistance {unknown}


   Skills:
 + Level 6.7 Fighting
 * Level 10.6 Axes
 + Level 8.1 Armour
 + Level 8.0 Shields
 + Level 5.1 Invocations


You had 9 spell levels left.
You didn't know any spells.
Your spell library contained the following spells:

 Spells                   Type           Power      Damage    Failure   Level
 Ensorcelled Hibernation  Hex/Ice        0%         N/A       100%        2
 Passwall                 Tmut/Erth      0%         N/A       100%        2
 Swiftness                Air            0%         N/A       100%        3
 Passage of Golubria      Tloc           0%         N/A       100%        4
 Silence                  Hex/Air        0%         N/A       100%        5
 Lehudib's Crystal Spear  Conj/Erth      0%         10d2      100%        8


Dungeon Overview and Level Annotations

Branches:
Dungeon (8/15)             Temple (1/1) D:5
   Lair: D:8-11

Altars:
Ashenzari
Cheibriados
Dithmenos
Elyvilon
Fedhas
Gozag
Hepliaklqana
Kikubaaqudgha
Makhleb
Nemelex Xobeh
Okawaru
Qazlal
Ru
Sif Muna
Trog
Uskayaw
Vehumet
Wu Jian
Xom
Yredelemnul
Zin
The Shining One


Innate Abilities, Weirdness & Mutations

You are resistant to damage.
You can heal yourself by infusing magical energy.
You passively map the area around you.
You do not regenerate.


Message History

The komodo dragon bites you but does no damage.
You block the black bear's attack.
The black bear claws you but does no damage. x2
The komodo dragon bites you.
You slash the black bear!
You kill the black bear!
Makhleb accepts your kill.
You hit the komodo dragon. You block the komodo dragon's attack.
Unknown command.
You closely miss the komodo dragon.
The komodo dragon is moderately wounded.
The komodo dragon bites you but does no damage.
You hit the komodo dragon but do no damage.
The komodo dragon is moderately wounded.
The komodo dragon bites you!! You block the komodo dragon's attack.
You are too injured to fight recklessly!
Unknown command.
You are too injured to fight recklessly!
You are too injured to fight recklessly!
Unknown command.
You are too injured to fight recklessly!
You are too injured to fight recklessly!
You hit the komodo dragon but do no damage.
The komodo dragon is moderately wounded.
You block the komodo dragon's attack.
You hit the komodo dragon.
The komodo dragon is moderately wounded.
The komodo dragon bites you!
* * * LOW HITPOINT WARNING * * *
You hit the komodo dragon but do no damage.
The komodo dragon is moderately wounded.
The komodo dragon bites you!!
* * * LOW HITPOINT WARNING * * *
You slash the komodo dragon!
The komodo dragon is heavily wounded.
The komodo dragon hisses menacingly.
You block the komodo dragon's attack. The komodo dragon bites you!
* * * LOW HITPOINT WARNING * * *
You fail to use your ability.
The komodo dragon bites you!!
You die...

.## , * , ..###### * , ,
, ,,, ##.....# # .#### ,
, ##..#..####..###..,,
,,,
....##..>...###..##*,,P.,
.....##.#..#......#* ...
#......#..##......##....
###.....#........l..>...
, , .##.....#.......@.# ,
, , ...#......#.......#*
,, ,
#........##.......### ,
.#...##...#.........# ,
.##..#....##........# ,
......##.......###### ,
,, , ..##...#..##...# , ,
,, ..##..#...##..## , , *
..##..##...#...#* * * * *


You could see a komodo dragon.

Vanquished Creatures
  Maggie (D:6)
  The ghost of Crownlay the Ruffian, an amateur TrFi (D:3)
  A wyvern (D:7)
  A shadow (D:8)
  6 yaks (D:8)
  A steam dragon (D:7)
  Menkaure (D:5)
  2 water moccasins
  An orc warrior (D:7)
  4 ice beasts
  2 black bears
  6 ogres
  A centaur (D:7)
  2 phantoms (D:7)
  A kobold brigand (D:6)
  2 bullfrogs (D:8)
  2 gnoll sergeants
  2 necrophages
  5 wights (D:7)
  3 scorpions
  A howler monkey (D:7)
  6 hounds
  A jelly (D:4)
  7 orc priests
  2 gnoll shamans
  An iguana (D:6)
  6 orc wizards
  19 gnolls
  7 adders
  A shadow imp (D:6)
  3 white imps
  2 ufetubi
  3 dart slugs (D:4)
  10 orcs
  3 giant cockroaches
  5 hobgoblins
  2 jackals (D:5)
  8 kobolds
  5 quokkas
  10 ball pythons
  6 bats
  A frilled lizard (D:3)
  9 goblins
  4 rats
167 creatures vanquished.

Notes
Turn   | Place    | Note
-------+----------+-------------------------------------------
     0 | D:1      | EriolAelfwine the Deep Dwarf Fighter began the quest for
                  | the Orb.
     0 | D:1      | Reached XP level 1. HP: 20/20 MP: 1/1
   493 | D:1      | Reached XP level 2. HP: 21/27 MP: 2/2
   923 | D:2      | Found an ancient bone altar of Kikubaaqudgha.
   948 | D:2      | Reached skill level 3 in Axes
   948 | D:2      | Reached XP level 3. HP: 20/33 MP: 3/3
  1012 | D:2      | Found a faded altar of an unknown god.
  1309 | D:3      | Noticed a necrophage
  1618 | D:3      | Killed a necrophage
  1619 | D:3      | Reached XP level 4. HP: 38/42 MP: 4/4
  1623 | D:3      | Noticed an ogre
  1644 | D:2      | Killed an ogre
  1645 | D:2      | Reached skill level 4 in Axes
  1645 | D:2      | Reached XP level 5. HP: 36/49 MP: 4/4
  2079 | D:3      | Noticed Crownlay's ghost (amateur TrFi)
  2080 | D:3      | Found a runed translucent door.
  2104 | D:3      | Killed Crownlay's ghost
  2105 | D:3      | Reached skill level 5 in Axes
  2105 | D:3      | Reached XP level 6. HP: 20/57 MP: 4/4
  2215 | D:4      | Found the +7 staff of the Meek {protect, meekguard}
  2401 | D:4      | Reached XP level 7. HP: 21/64 MP: 5/5
  2496 | D:4      | Reached skill level 5 in Armour
  2504 | D:4      | Reached skill level 5 in Shields
  2554 | D:4      | You fall into a shaft and drop 2 floors!
  2762 | D:6      | Reached skill level 6 in Axes
  2768 | D:5      | Entered Level 5 of the Dungeon
  2812 | D:5      | Noticed Menkaure
  2828 | D:5      | Killed Menkaure
  2933 | D:5      | Found a glowing silver altar of Zin.
  2944 | D:5      | Found a staircase to the Ecumenical Temple.
  2950 | D:5      | Reached XP level 8. HP: 58/73 MP: 4/4
  2962 | Temple   | Entered the Ecumenical Temple
  3300 | Temple   | Became a worshipper of Makhleb the Destroyer
  3901 | D:5      | Reached skill level 7 in Axes
  4233 | D:6      | Noticed Maggie
  4243 | D:6      | Reached skill level 5 in Fighting
  4255 | D:6      | Killed Maggie
  4417 | D:6      | Reached skill level 8 in Axes
  4626 | D:6      | Gained mutation: You passively map the area around you.
                  | [Deep Dwarf growth]
  4626 | D:6      | Reached XP level 9. HP: 79/81 MP: 4/4
  4668 | D:6      | Reached skill level 1 in Invocations
  4672 | D:6      | Reached * piety under Makhleb
  4996 | D:7      | Reached skill level 9 in Axes
  5429 | D:7      | Reached ** piety under Makhleb
  5457 | D:7      | Reached skill level 10 in Axes
  5468 | D:7      | Reached XP level 10. HP: 51/92 MP: 6/6
  6466 | D:8      | Identified the +9 falchion of Kewnuid {drain, *Slow rF++
                  | Dex+5}
  6579 | D:8      | Reached skill level 5 in Invocations
  6654 | D:8      | HP: 3/92 [komodo dragon (6)]
  6655 | D:8      | Demolished by a komodo dragon

Illustrated notes

Levels and vault maps discovered:
D:1:      saegor_arrival_simple_a, layout_basic, corexii_corridor_pit,
          serial_bayou_lake_a
D:2:      layout_basic, hellmonk_ecumenical_altar_pennies_from_heaven,
          basic_altar, chequers_serial_rivers_micro_e
D:3:      layout_basic, ebering_ghost_inner_flame, minmay_distorted
D:4:      layout_cave_pods
D:5:      layout_gridville, mainiacjoe_overflow_catwalk,
          minmay_temple_entry_sparse_star, grunt_ministairs_4, uniq_menkaure
D:6:      kennysheep_spiral_hall, layout_loops_ring, uniq_maggie
D:7:      layout_layer_cave, minmay_misc_feat_diagonals
D:8:      hellmonk_ruined_rings, layout_rooms, grunt_lair_entry_orc_guard_hut,
          serial_aquarium, aquarium_bridge_long_separate
          [aquarium_subvault_window, aquarium_subvault_window,
          aquarium_subvault_bridge, aquarium_subvault_bridge,
          aquarium_subvault_window, aquarium_subvault_bridge],
          aquarium_bridge_island_small [aquarium_subvault_small_water,
          aquarium_subvault_wall, aquarium_subvault_bridge,
          aquarium_subvault_wall, aquarium_subvault_window],
          aquarium_window_fake, aquarium_window_fake, aquarium_view_2e
Temple:   mainiacjoe_temple_trianglar_array

Skill      XL: |  1  2  3  4  5  6  7  8  9 10 |
---------------+-------------------------------+-----
Axes           | 3 4 5 6 8 10 | 10.6
Fighting       | 3 4 5 6 |  6.7
Armour         | 4 5 6 7 8 |  8.1
Shields        | 4 5 6 7 8 |  8.0
Invocations    | 4 5 |  5.1

Action                   |  1- 3 |  4- 6 |  7- 9 | 10-12 || total
-------------------------+-------+-------+-------+-------++-------
Melee: War axe           |   105 |    75 |   339 |   122 ||   641
 Abil: Heal Wounds       |     1 |     5 |    28 |     6 ||    40
  Use: Scroll            |     4 |     1 |     3 |       ||     8
Armor: Scale mail        |    56 |       |       |       ||    56
       Chain mail        |    18 |    40 |   145 |       ||   203
       Plate armour      |       |       |    60 |    80 ||   140
Dodge: Dodged            |    32 |    16 |    72 |     8 ||   128
Block: Buckler           |    29 |       |       |       ||    29
       Tower shield      |     9 |    59 |   336 |   123 ||   527

Table legend: (Time is in decaauts)
 A = Elapsed time spent in this place.
 B = Non-inter-level travel time spent in this place.
 C = Inter-level travel time spent in this place.
 D = Time resting spent in this place.
 E = Time spent auto-exploring this place.
 F = Levels seen in this place.
 G = Mean time per level.
                   A        B        C        D        E       F      G
               +--------+--------+--------+--------+--------+-----+--------+
         Total |   6982 |   6715 |    267 |      0 |   5071 |   9 |  775.8 |
       Dungeon |   6582 |   6337 |    245 |      0 |   4702 |   8 |  822.8 |
        Temple |    399 |    377 |     22 |      0 |    369 |   1 |  399.0 |
               +--------+--------+--------+--------+--------+-----+--------+

Top non-repeatable levels by time:
     D:7: 1289 daAuts
     D:6: 1095 daAuts
     D:4: 895 daAuts
     D:1: 872 daAuts
     D:3: 822 daAuts
     D:2: 563 daAuts
     D:5: 543 daAuts
     D:8: 500 daAuts
  Temple: 399 daAuts
